 Dungeon Crawl Stone Soup version 0.23.2-40-g277498a001 (webtiles) character file.

Game seed: 425214501822459708

29348 Napalmbreeze the Cleaver (level 13, 0/106 HPs)
             Began as a Demonspawn Monk on Sept 2, 2019.
             Was a Priest of Makhleb.
             Slain by a catoblepas (25 damage)
             ... on level 4 of the Lair of Beasts.
             The game lasted 00:46:23 (22968 turns).

Napalmbreeze the Cleaver (Demonspawn Monk)         Turns: 22968, Time: 00:46:23

Health: 0/106      AC: 16    Str: 16    XL:     13   Next: 14%
Magic:  20/20      EV: 15    Int: 11    God:    Makhleb [***...]
Gold:   734        SH:  0    Dex: 24    Spells: 12/12 levels left

rFire    . . .     SeeInvis .   w - +0 battleaxe
rCold    . . .     Gourm    .   (shield currently unavailable)
rNeg     . . .     Faith    .   s - +0 chain mail
rPois    +         Spirit   .   (no helmet)
rElec    .         Reflect  .   I - +1 cloak
rCorr    .         Harm     .   (no gloves)
MR       .....                  (boots unavailable)
Stlth    ++........             (no amulet)
HPRegen  0.27/turn              P - +2 ring of dexterity
MPRegen  0.17/turn              u - ring of poison resistance

@: agile
A: hooves 3, thin metallic scales 1, nightstalker 2, powered by pain 2
a: Minor Destruction, Lesser Servant of Makhleb, Renounce Religion


You were on level 4 of the Lair of Beasts.
You worshipped Makhleb.
Makhleb was most pleased with you.
You were hungry.

You visited 3 branches of the dungeon, and saw 16 of its levels.

You collected 861 gold pieces.
You spent 127 gold pieces at shops.

Inventory:

Hand Weapons
 w - a +0 battleaxe (weapon)
 N - a +1 flail of crushing
Armour
 s - a +0 chain mail (worn)
 I - a +1 cloak (worn)
Jewellery
 j - an uncursed ring of fire
 u - a ring of poison resistance (right hand)
 J - an uncursed ring of stealth
 O - an uncursed ring of see invisible
 P - a +2 ring of dexterity (left hand)
Wands
 C - a wand of digging (5)
 E - a wand of paralysis (15)
 F - a wand of flame (29)
 G - a wand of polymorph (8)
 H - a wand of disintegration (13)
Scrolls
 a - 2 scrolls of enchant armour {unknown}
 b - a scroll of vulnerability {unknown}
 d - 2 scrolls of enchant weapon
 l - 10 scrolls of remove curse
 n - 2 scrolls of magic mapping {unknown}
 o - 15 scrolls of identify {unknown}
 p - a scroll of random uselessness {unknown}
 q - 4 scrolls of teleportation {unknown}
 t - 3 scrolls of amnesia {unknown}
 z - a scroll of noise {unknown}
 K - 2 scrolls of fog {unknown}
 L - a scroll of brand weapon {unknown}
Potions
 g - 2 potions of resistance {unknown}
 h - a potion of heal wounds
 k - 2 potions of flight {unknown}
 m - 7 potions of haste {unknown}
 r - a potion of ambrosia {unknown}
 v - 5 potions of curing
 x - 2 potions of lignification {unknown}
 A - a potion of invisibility {unknown}
 B - a potion of cancellation {unknown}
 D - 2 potions of degeneration {unknown}
 M - a potion of magic {unknown}
Comestibles
 c - 13 rations


   Skills:
 + Level 11.3 Fighting
 + Level 12.1 Axes
 + Level 9.9 Armour
 - Level 4.9 Dodging
 - Level 1.7 Stealth
 + Level 10.0 Invocations
 - Level 5.2 Evocations


You had 12 spell levels left.
You didn't know any spells.
Your spell library contained the following spells:

 Spells                   Type           Power        Failure   Level  Hunger
 Beastly Appendage        Tmut           #.....       98%         1    ##.....
 Confusing Touch          Hex            #.....       98%         1    ##.....
 Freeze                   Ice            #...         98%         1    ##.....
 Sticks to Snakes         Tmut           #.......     99%         2    ###....
 Throw Frost              Conj/Ice       #.....       99%         2    ###....
 Confuse                  Hex            #.......     100%        3    ####...
 Gell's Gravitas          Tloc           #.........   100%        3    ####...
 Ozocubu's Armour         Chrm/Ice       #.......     100%        3    ####...
 Spider Form              Tmut/Pois      #.........   100%        3    ####...
 Ice Form                 Ice/Tmut       #.......     100%        4    #####..
 Petrify                  Tmut/Erth      #.......     100%        4    #####..
 Blade Hands              Tmut           #.........   100%        5    ######.
 Metabolic Englaciation   Hex/Ice        #.........   100%        5    ######.
 Yara's Violent Unravell  Hex/Tmut       #.........   100%        5    ######.


Dungeon Overview and Level Annotations

Branches:
Dungeon (11/15)            Temple (1/1) D:6            Lair (4/6) D:9
 Spider (0/4) Lair:3          Orc (0/2) D:11
  Swamp: Lair:2-4    Shoals: Lair:2-4

Altars:
Ashenzari
Cheibriados
Dithmenos
Elyvilon
Fedhas
Gozag
Hepliaklqana
Kikubaaqudgha
Makhleb
Nemelex Xobeh
Okawaru
Qazlal
Ru
Sif Muna
Trog
Uskayaw
Vehumet
Wu Jian
Xom
Yredelemnul
Zin
The Shining One

Shops:
D:11 *

Annotations:
D:7 2 transporters


Innate Abilities, Weirdness & Mutations

You have hooves in place of feet.
You are partially covered in thin metallic scales. (AC +2)
You are significantly more attuned to the shadows.
You sometimes gain power by taking damage.


Message History

Unknown command.
You hit the catoblepas.
You kick the catoblepas, but do no damage.
The catoblepas is severely wounded.
The plant is engulfed in calcifying dust.
The catoblepas breathes a plume of calcifying dust at you.
The blast of calcifying dust hits you.
Unknown command.
The catoblepas gores you!!
* * * LOW HITPOINT WARNING * * *
You slash the catoblepas!
The catoblepas is almost dead.
The catoblepas gores you!!
* * * LOW HITPOINT WARNING * * *
You focus on the pain.
You feel agile all of a sudden.
Unknown command.
You feel much better. The catoblepas misses you.
A demon appears!
The catoblepas gores you!!
You die...

##.# ##########.##
#......##...#### #
♣.............## #
♣♣♣♣♣............# ##
. ♣..♣♣...........###
#.
..♣♣...P..3.P.....#.#
#.
....P.......†P.♣♣♣..##
## .....P.≈≈≈@Y.♣♣♣
♣...# #
PP..P≈≈≈≈≈≈§...♣♣♣..##
.....≈≈≈≈≈≈§..♣♣P...##
P.....≈≈≈..§...P.....#
...PPP...P§..PP....##
♣♣.....P..P.%♣P...P# #
......♣.♣♣....# #
♣..### ##P#


You could see a catoblepas and a friendly smoke demon.

Vanquished Creatures
  3 hydras
  A death knight (D:11)
  A centaur warrior (D:8)
  2 two-headed ogres
  4 death yaks
  A phantasmal warrior (D:11)
  3 ugly things
  A cyclops (D:11)
  2 black mambas
  10 spiny frogs
  A rime drake (Lair:2)
  2 komodo dragons
  A troll (D:10)
  A queen bee (D:8)
  2 blink frogs (Lair:3)
  7 hippogriffs
  A redback (Lair:3)
  A wraith (D:11)
  22 yaks
  A vampire (D:10)
  5 humans (D:7)
  2 wyverns (Lair:1)
  A hungry ghost (D:8)
  An insubstantial wisp (Lair:4)
  4 porcupines
  2 water moccasins
  A black bear (D:11)
  2 orc warriors
  4 ice beasts
  3 sky beasts
  5 phantoms
  An eye of draining (D:8)
  A necrophage (D:7)
  2 ogres
  6 centaurs
  2 wolves (Lair:1)
  7 crocodiles
  4 big kobolds
  9 bullfrogs
  5 scorpions
  22 killer bees
  4 howler monkeys
  5 wights (D:9)
  2 electric eels (Lair:4)
  3 crimson imps
  An orc priest (D:7)
  Crazy Yiuf (D:6)
  11 hounds
  A jelly (D:9)
  13 orc wizards
  A bullfrog skeleton (D:8)
  2 centaur skeletons
  8 iguanas
  8 worker ants
  A statue (D:9)
  A hound skeleton (D:7)
  A worker ant zombie (D:11)
  5 gnolls
  11 adders
  4 shadow imps
  An ooze (D:2)
  2 adder zombies
  2 worms
  4 dart slugs
  4 leopard geckos
  27 orcs
  11 giant cockroaches
  10 goblins
  5 hobgoblins
  6 jackals
  8 quokkas
  A ball python (D:5)
  10 bats
  3 frilled lizards
  20 kobolds
  7 rats
360 creatures vanquished.

Vanquished Creatures (collateral kills)
  A death yak (Lair:4)
  A skeletal warrior (D:11)
  Psyche (D:11)
  2 rime drakes (Lair:3)
  2 yaks (Lair:4)
  An insubstantial wisp (Lair:4)
  2 wolves (Lair:1)
  A bullfrog (D:11)
  A worker ant (D:11)
  An orc (D:11)
  2 kobolds (D:11)
15 creatures vanquished.

Vanquished Creatures (others)
  5 fungi
  11 plants (Lair:4)
16 creatures vanquished.

Grand Total: 391 creatures vanquished

Notes
Turn   | Place    | Note
-------+----------+-------------------------------------------
     0 | D:1      | Napalmbreeze the Demonspawn Monk began the quest for the
                  | Orb.
     0 | D:1      | Reached XP level 1. HP: 18/18 MP: 1/1
   671 | D:2      | Gained mutation: You are slightly more attuned to the
                  | shadows. [demonic ancestry]
   671 | D:2      | Reached XP level 2. HP: 21/24 MP: 2/2
  1011 | D:2      | Found a hazy altar of Hepliaklqana.
  1121 | D:2      | Reached skill level 3 in Axes
  1270 | D:2      | Gained mutation: You are partially covered in thin metallic
                  | scales. (AC +2) [demonic ancestry]
  1270 | D:2      | Reached XP level 3. HP: 29/29 MP: 3/3
  1694 | D:2      | Gained mutation: You sometimes gain a little power by
                  | taking damage. [demonic ancestry]
  1694 | D:2      | Reached XP level 4. HP: 21/37 MP: 4/4
  1863 | D:2      | Found a white marble altar of Elyvilon.
  1863 | D:2      | Found a shadowy altar of Dithmenos.
  2246 | D:1      | Reached skill level 1 in Armour
  2760 | D:3      | Found a glowing silver altar of Zin.
  2760 | D:3      | Found an opulent altar of Gozag.
  3581 | D:3      | Gained mutation: You have large cloven feet. [demonic
                  | ancestry]
  3581 | D:3      | Reached XP level 5. HP: 43/43 MP: 5/5
  4164 | D:4      | Noticed an ogre
  4635 | D:4      | Reached skill level 4 in Axes
  4635 | D:4      | Gained mutation: You have hoof-like feet. [demonic
                  | ancestry]
  4635 | D:4      | Reached XP level 6. HP: 49/49 MP: 6/6
  4962 | D:4      | Reached skill level 5 in Fighting
  4962 | D:4      | Reached XP level 7. HP: 30/56 MP: 7/7
  5345 | D:5      | Entered Level 5 of the Dungeon
  5540 | D:5      | Found a stormy altar of Qazlal.
  5631 | D:5      | Reached skill level 5 in Axes
  5779 | D:5      | Found a sparkling altar of Nemelex Xobeh.
  6213 | D:6      | Reached XP level 8. HP: 63/63 MP: 8/8
  6524 | D:6      | Found a staircase to the Ecumenical Temple.
  6545 | D:6      | Reached skill level 6 in Axes
  6699 | Temple   | Entered the Ecumenical Temple
  7509 | D:6      | Got a translucent spear
  7519 | D:6      | Identified the +1 spear of Grandeur {protect, Str+3} (You
                  | found it on level 6 of the Dungeon)
  7674 | D:6      | Found a runed translucent door.
  7675 | D:6      | Noticed Crazy Yiuf
  7706 | D:6      | Killed Crazy Yiuf
  7921 | D:7      | Reached skill level 1 in Evocations
  8029 | D:7      | Found a snail-covered altar of Cheibriados.
  8029 | D:7      | Noticed a hornet
  8031 | D:7      | Found a bloodstained altar of Trog.
  8039 | D:7      | Found a transporter.
  8045 | D:7      | Found a transporter.
  8093 | D:7      | Noticed a hornet
  8093 | D:7      | an ice beast changed into a hornet
  8100 | D:7      | a hornet changed into a big kobold
  8123 | D:7      | Found a runed translucent door.
  8270 | D:7      | Found a runed translucent door.
  8285 | D:7      | Noticed a hippogriff
  8295 | D:7      | Killed a hippogriff
  8295 | D:7      | Reached skill level 7 in Axes
  8295 | D:7      | Gained mutation: You are significantly more attuned to the
                  | shadows. [demonic ancestry]
  8295 | D:7      | Reached XP level 9. HP: 62/69 MP: 10/10
  8346 | D:7      | Noticed a purple ugly thing
  8603 | D:7      | Found a runed translucent door.
  8619 | D:7      | Killed a purple ugly thing
  8780 | D:7      | Noticed a two-headed ogre
  8794 | D:7      | Killed a two-headed ogre
  8794 | D:7      | Reached skill level 8 in Axes
  8794 | D:7      | Reached skill level 5 in Armour
  9295 | D:7      | Found a runed translucent door.
  9300 | D:7      | Found a runed translucent door.
  9300 | D:7      | Found a runed translucent door.
  9349 | D:7      | Reached XP level 10. HP: 54/77 MP: 13/13
  9659 | D:7      | Reached skill level 9 in Axes
 10086 | D:7      | Found a runed translucent door.
 10106 | D:7      | Found a runed translucent door.
 10108 | D:7      | Found a runed translucent door.
 10274 | D:8      | Noticed a centaur warrior
 10287 | D:8      | Killed a centaur warrior
 10287 | D:8      | Reached skill level 5 in Evocations
 11009 | D:8      | Reached skill level 10 in Axes
 11764 | D:8      | Found a burning altar of Makhleb.
 11776 | D:8      | Became a worshipper of Makhleb the Destroyer
 11776 | D:8      | Reached * piety under Makhleb
 11776 | D:8      | Reached ** piety under Makhleb
 11786 | D:8      | Found a basalt altar of Yredelemnul.
 12247 | D:9      | Reached skill level 1 in Invocations
 12304 | D:9      | Found a radiant altar of Vehumet.
 12380 | D:9      | Gained mutation: You sometimes gain power by taking damage.
                  | [demonic ancestry]
 12380 | D:9      | Reached XP level 11. HP: 87/87 MP: 14/14
 12959 | D:9      | Found a staircase to the Lair.
 13492 | D:10     | Entered Level 10 of the Dungeon
 13570 | D:10     | Identified Dutop's Reference Book on the Earthen Snowflakes
 14161 | D:10     | Found a burning altar of Makhleb.
 14162 | D:10     | Noticed a green death
 14456 | D:11     | Reached *** piety under Makhleb
 14699 | D:11     | Noticed a green ugly thing
 14712 | D:11     | Killed a green ugly thing
 14778 | D:11     | Noticed a phantasmal warrior
 14780 | D:11     | Noticed a skeletal warrior
 14796 | D:11     | Killed a skeletal warrior
 14802 | D:11     | Killed a phantasmal warrior
 15038 | D:11     | Found Naiclaoj's General Store.
 15041 | D:11     | Bought a scroll of enchant weapon for 127 gold pieces
 15043 | D:11     | Noticed a brown ugly thing
 15054 | D:11     | Killed a brown ugly thing
 15054 | D:11     | Reached skill level 5 in Invocations
 15139 | D:11     | Noticed a two-headed ogre
 15148 | D:11     | Killed a two-headed ogre
 15432 | D:11     | Noticed a six-headed hydra
 15442 | D:11     | Killed a six-headed hydra
 15442 | D:11     | Reached skill level 11 in Axes
 15484 | D:11     | Noticed Psyche
 15484 | D:11     | Paralysed by Psyche for 4 turns
 15491 | D:11     | Paralysed by Psyche for 4 turns
 15492 | D:11     | Killed Psyche
 15797 | D:11     | Found a staircase to the Orcish Mines.
 15812 | D:11     | Noticed a death knight
 15828 | D:11     | Killed a death knight
 15828 | D:11     | Reached skill level 10 in Fighting
 15828 | D:11     | Reached XP level 12. HP: 66/97 MP: 16/16
 16501 | Lair:1   | Entered Level 1 of the Lair of Beasts
 18162 | Lair:2   | Reached **** piety under Makhleb
 18561 | Lair:2   | Noticed a seven-headed hydra
 18570 | Lair:2   | Killed a seven-headed hydra
 19037 | Lair:2   | You fall through a shaft!
 20366 | Lair:3   | Noticed a death yak
 20368 | Lair:3   | Noticed a death yak
 20369 | Lair:3   | Noticed a death yak
 20370 | Lair:3   | Noticed a death yak
 20433 | Lair:2   | Killed a death yak
 20805 | Lair:3   | Found a hole to the Spider Nest.
 20855 | Lair:3   | Noticed an eight-headed hydra
 20874 | Lair:3   | Killed an eight-headed hydra
 20874 | Lair:3   | HP: 5/100 [shot self (9)]
 21547 | Lair:2   | Killed a death yak
 21558 | Lair:2   | Killed a death yak
 21558 | Lair:2   | Reached skill level 12 in Axes
 21705 | Lair:3   | Killed a death yak
 21705 | Lair:3   | Gained mutation: You have hooves in place of feet. [demonic
                  | ancestry]
 21705 | Lair:3   | Reached XP level 13. HP: 74/106 MP: 20/20
 22897 | Lair:4   | Reached skill level 10 in Invocations
 22966 | Lair:4   | HP: 5/106 [catoblepas (24)]
 22968 | Lair:4   | Slain by a catoblepas

Skill      XL: |  1  2  3  4  5  6  7  8  9 10 11 12 13 |
---------------+----------------------------------------+-----
Axes           | 3 4 5 7 8 10 11 12 | 12.1
Dodging        | 3 4 |  4.9
Fighting       | 4 5 6 7 8 10 11 | 11.3
Armour         | 1 2 3 4 5 6 8 9 |  9.9
Evocations     | 2 4 5 |  5.2
Invocations    | 1 6 9 10 | 10.0
Stealth        | |  1.7

Action                   |  1- 3 |  4- 6 |  7- 9 | 10-12 | 13-15 || total
-------------------------+-------+-------+-------+-------+-------++-------
Melee: Hand axe          |   166 |    98 |       |       |       ||   264
       Battleaxe         |       |   102 |   282 |   803 |    76 ||  1263
       Kick              |       |    23 |    72 |   283 |    34 ||   412
       Flail             |       |       |       |    16 |       ||    16
Invok: Lesser Servant of |       |       |       |     9 |     4 ||    13
       Minor Destruction |       |       |       |     1 |       ||     1
       Major Destruction |       |       |       |     4 |       ||     4
Evoke: Wand              |       |       |     9 |    14 |       ||    23
  Use: Scroll            |     2 |       |     1 |       |       ||     3
       Potion            |       |       |       |     5 |     1 ||     6
 Stab: Sleeping          |     4 |    10 |     5 |       |       ||    19
       Paralysed         |       |       |    13 |    10 |       ||    23
       Distracted        |       |       |       |     3 |       ||     3
  Eat: Chunk             |     3 |    10 |     9 |    26 |       ||    48
       Ration            |       |       |     2 |     6 |     1 ||     9
Armor: Ring mail         |    64 |    68 |    41 |       |       ||   173
       Chain mail        |       |       |   113 |   657 |    36 ||   806
Dodge: Dodged            |   106 |   145 |   189 |   551 |    29 ||  1020
